 Dungeon Crawl Stone Soup version 0.21.1-1-g345015f (webtiles) character file.

3851 HerrDoktor the Geomancer (level 10, -9/51 HPs)
             Began as a Gargoyle Earth Elementalist on June 26, 2018.
             Was a Priest of Sif Muna.
             Mangled by a two-headed ogre
             ... wielding a +0 giant club
              (19 damage)
             ... on level 8 of the Dungeon on June 27, 2018.
             The game lasted 01:04:22 (10655 turns).

HerrDoktor the Geomancer (GrEE)                    Turns: 10655, Time: 01:04:24

Health: -9/51      AC: 14    Str: 12    XL:     10   Next: 18%
Magic:  11/20      EV: 13    Int: 19    God:    Sif Muna [***...]
Gold:   167        SH:  0    Dex: 10    Spells: 8/23 levels left

rFire    . . .     SeeInvis .   E - staff of summoning
rCold    . . .     Gourm    .   (no shield)
rNeg     + . .     Faith    .   L - +2 robe {MR+}
rPois    ∞         Spirit   .   (no helmet)
rElec    +         Reflect  .   v - +2 cloak
rCorr    .         Harm     .   (no gloves)
MR       +....                  (no boots)
Stlth    ++........             (no amulet)
HPRegen  0.17/turn              (no ring)
MPRegen  0.17/turn              (no ring)

@: no status effects
A: negative energy resistance 1, electricity resistance, unbreathing,
petrification resistance, rot immunity, AC +7
a: Divine Energy, Channel Magic, Renounce Religion


You were on level 8 of the Dungeon.
You worshipped Sif Muna.
Sif Muna was most pleased with you.
You were hungry.

You visited 2 branches of the dungeon, and saw 9 of its levels.

You collected 397 gold pieces.
You spent 230 gold pieces at shops.

Inventory:

Hand Weapons
 i - a +1 short sword of flaming
 n - a +0 falchion
 s - a +2 dagger of draining
 w - a +0 short sword of holy wrath
 C - a +2 scythe of venom
Missiles
 a - 49 bolts
 g - 62 poisoned needles
 u - 70 stones (quivered)
Armour
 c - a +0 robe
 v - a +2 cloak (worn)
 F - a +3 leather armour
 L - a +2 robe of magic resistance (worn)
Magical Staves
 E - an uncursed staff of summoning (weapon)
Jewellery
 p - a +2 ring of strength
 q - an uncursed amulet of harm
 D - the ring of the Assorted Lies {*Drain rC+ rN+++ Dex+2 Slay-5, unknown}
   (You found it on level 7 of the Dungeon)

   [ring of protection from cold]

   It affects your dexterity (+2).
   It affects your accuracy and damage with ranged weapons and melee attacks
   (-5).
   It protects you from cold.
   It renders you almost immune to negative energy.
   It causes draining when unequipped.
 K - an uncursed amulet of regeneration {unknown}
Wands
 b - a wand of polymorph (10)
 x - a wand of paralysis (10)
 J - a wand of enslavement (12)
Scrolls
 m - a scroll of magic mapping
 o - 3 scrolls of teleportation
 y - 4 scrolls of remove curse
 H - 3 scrolls of identify
 I - 3 scrolls of brand weapon {unknown}
Potions
 f - a potion of might
 h - 3 potions of brilliance
 j - a potion of curing
 k - a potion of invisibility
 l - 3 potions of lignification {unknown}
 r - 4 potions of flight
 t - a potion of haste
 z - 2 potions of cancellation
 A - a potion of ambrosia {unknown}
 B - a potion of berserk rage
 G - 2 potions of degeneration {unknown}
Books
 e - a book of Geomancy

   Spells                             Type                      Level
   a - Sandblast                      Earth                        1
   b - Passwall                       Transmutation/Earth          2
   c - Stone Arrow                    Conjuration/Earth            3
   d - Petrify                        Transmutation/Earth          4
   e - Lee's Rapid Deconstruction     Earth                        5
Comestibles
 d - 12 rations


   Skills:
 - Level 0.9 Fighting
 + Level 1.3 Staves
 - Level 2.5 Armour
 + Level 4.1 Dodging
 + Level 4.3 Stealth
 + Level 7.0 Spellcasting
 + Level 4.4 Conjurations
 + Level 1.7 Transmutations
 * Level 11.5 Earth Magic


You had 8 spell levels left.
You knew the following spells:

 Your Spells              Type           Power        Failure   Level  Hunger
a - Sandblast             Erth           ######       1%          1    None
b - Passwall              Tmut/Erth      ####......   1%          2    None
c - Stone Arrow           Conj/Erth      #####.       1%          3    #......
d - Petrify               Tmut/Erth      ####....     6%          4    ###....
e - Lee's Rapid Deconstr  Erth           ######....   2%          5    #####..


Dungeon Overview and Level Annotations

Branches:
Dungeon (8/15)             Temple (1/1) D:4            Lair (0/6) D:8

Altars:
Ashenzari
Cheibriados
Dithmenos
Elyvilon
Fedhas
Gozag
Hepliaklqana
Makhleb
Nemelex Xobeh
Okawaru
Qazlal
Sif Muna
Trog
Uskayaw
Vehumet
Wu Jian
Xom
Yredelemnul
The Shining One

Shops:
D:4 }   D:5 *   D:8 [

Annotations:
D:4 HyperWeapon's ghost, novice TrCK
D:6 w0lly's ghost, novice DsBe


Innate Abilities, Weirdness & Mutations

You are resistant to torment.
Your stone body is resilient. (AC +7)
You are immune to poison.
You resist negative energy. (rN+)
You are resistant to electric shocks. (rElec)
You can survive without breathing.
You are immune to petrification.
You are immune to rotting.


Message History

Aiming: Stone Arrow
Press: ? - help, Shift-Dir - straight line, f/p - two-headed ogre
Aim: a two-headed ogre, wielding two giant clubs (severely wounded)
The stone arrow hits the two-headed ogre.
The two-headed ogre is almost dead.
The two-headed ogre barely misses you.
The two-headed ogre hits you with a giant club!
* * * LOW HITPOINT WARNING * * *
A kobold comes into view. It is wielding a whip.
A kobold comes into view. It is wielding a short sword.
Casting: Stone Arrow
Confirm with . or Enter, or press ? or * to list all spells.
Which direction?
The two-headed ogre closely misses you. The two-headed ogre barely misses you.
You begin to meditate on the wall.
You continue meditating on the rock.
The kobold shouts!
The kobold throws a stone.
The stone barely misses you. The two-headed ogre misses you.
The two-headed ogre hits you with a giant club!!
You die... ###........## #. #.........###. #.........#... #.........#.## #####....≈####### # ........≈.......
K.K

#####...[≈.≈.≈.
K.K..######...≈.......
.......@O......≈########
###########............#
#.............
##............
##.....#....#
############


You could see a two-headed ogre, a big kobold (wandering) and 3 kobolds.

Vanquished Creatures
  A death yak (D:8)
  Pikel (D:7)
  Prince Ribbit (D:6)
  Sigmund (D:4)
  2 yaks (D:8)
  Eustachio (D:4)
  Menkaure (D:4)
  A slave (D:7)
  2 orc warriors
  An ice beast (D:8)
  A phantom (D:8)
  An ogre (D:5)
  A big kobold (D:6)
  A bullfrog (D:8)
  A water moccasin skeleton (D:7)
  2 killer bees (D:7)
  A howler monkey (D:4)
  2 crimson imps
  A bullfrog zombie (D:8)
  4 orc priests
  2 bullfrog skeletons
  A gnoll shaman (D:4)
  4 orc wizards
  4 hounds
  Jessica (D:1)
  An iguana (D:5)
  6 worker ants
  Terence (D:2)
  Robin (D:2)
  A worker ant zombie (D:8)
  9 gnolls
  10 adders
  2 shadow imps
  An ooze (D:5)
  2 adder skeletons
  An adder zombie (D:5)
  A worm (D:3)
  2 dart slugs
  2 leopard geckos
  34 orcs
  7 bats
  7 giant cockroaches
  12 goblins
  8 hobgoblins
  6 jackals
  5 quokkas
  3 frilled lizards
  28 kobolds
  7 rats
196 creatures vanquished.

Vanquished Creatures (others)
  An adder (D:7)
1 creature vanquished.

Grand Total: 197 creatures vanquished

Notes
Turn   | Place    | Note
-------+----------+-------------------------------------------
     0 | D:1      | HerrDoktor the Gargoyle Earth Elementalist began the quest for the Orb.
     0 | D:1      | Reached XP level 1. HP: 10/10 MP: 3/3
   373 | D:1      | Reached skill level 4 in Earth Magic
   403 | D:1      | Reached XP level 2. HP: 15/15 MP: 1/5
   710 | D:1      | Reached XP level 3. HP: 19/19 MP: 3/6
   724 | D:1      | Learned a level 2 spell: Passwall
   728 | D:1      | Learned a level 3 spell: Stone Arrow
  1224 | D:2      | Noticed Jessica
  1392 | D:1      | Killed Jessica
  1448 | D:2      | Reached XP level 4. HP: 22/24 MP: 6/8
  1832 | D:2      | Noticed Terence
  1843 | D:2      | Killed Terence
  1843 | D:2      | Reached skill level 5 in Earth Magic
  2138 | D:2      | Noticed Robin
  2331 | D:2      | Killed Robin
  2331 | D:2      | Reached XP level 5. HP: 28/28 MP: 2/9
  2813 | D:2      | Learned a level 4 spell: Petrify
  2930 | D:3      | Reached skill level 1 in Conjurations
  3416 | D:3      | Found a shattered altar of Ashenzari.
  3821 | D:3      | Reached XP level 6. HP: 33/33 MP: 11/11
  4124 | D:4      | Found Putres's Gadget Boutique.
  4124 | D:4      | Noticed a phantom
  4272 | D:4      | Reached skill level 6 in Earth Magic
  4488 | D:4      | Noticed HyperWeapon's ghost (novice TrCK)
  4616 | D:4      | Found a glowing golden altar of the Shining One.
  4616 | D:4      | Found a white marble altar of Elyvilon.
  4646 | D:4      | Found a staircase to the Ecumenical Temple.
  4706 | D:4      | Reached XP level 7. HP: 18/37 MP: 5/12
  4893 | D:4      | Noticed Sigmund
  4901 | Temple   | Entered the Ecumenical Temple
  4942 | Temple   | Became a worshipper of Sif Muna the Loreminder
  5046 | D:5      | Entered Level 5 of the Dungeon
  5337 | D:5      | Reached skill level 1 in Transmutations
  5503 | D:5      | Reached skill level 7 in Earth Magic
  5824 | D:5      | Found Xuugg's Assorted Antiques.
  6343 | D:6      | Found an opulent altar of Gozag.
  6738 | D:6      | Reached XP level 8. HP: 41/42 MP: 10/14
  6943 | D:6      | Reached * piety under Sif Muna
  6964 | D:6      | Learned a level 5 spell: Lee's Rapid Deconstruction
  7063 | D:6      | Noticed Prince Ribbit
  7086 | D:6      | Killed Prince Ribbit
  7086 | D:6      | Reached skill level 8 in Earth Magic
  7110 | D:6      | Noticed w0lly's ghost (novice DsBe)
  7917 | D:4      | Killed Sigmund
  7917 | D:4      | Reached skill level 5 in Spellcasting
  7988 | D:4      | Noticed Menkaure
  7989 | D:4      | Killed Menkaure
  7989 | D:4      | Reached skill level 9 in Earth Magic
  8079 | D:4      | Noticed Eustachio
  8113 | D:4      | Killed Eustachio
  8596 | D:7      | Reached XP level 9. HP: 46/46 MP: 10/17
  8632 | D:7      | Got a translucent amber ring
  9057 | D:7      | Reached ** piety under Sif Muna
  9185 | D:7      | Reached skill level 1 in Armour
  9312 | D:7      | Noticed Pikel
  9330 | D:7      | Killed Pikel
  9330 | D:7      | Reached skill level 1 in Staves
  9683 | D:8      | Found Qesetaq's Armour Emporium.
  9687 | D:8      | Reached skill level 10 in Earth Magic
  9722 | D:8      | Bought a +2 robe of magic resistance for 230 gold pieces
 10201 | D:8      | Noticed a death yak
 10212 | D:8      | Noticed a death yak
 10284 | D:8      | Found a staircase to the Lair.
 10439 | D:8      | Killed a death yak
 10439 | D:8      | Reached *** piety under Sif Muna
 10439 | D:8      | Reached skill level 11 in Earth Magic
 10439 | D:8      | Reached XP level 10. HP: 46/51 MP: 4/20
 10605 | D:8      | Noticed a two-headed ogre
 10655 | D:8      | Mangled by a two-headed ogre

Skill      XL: |  1  2  3  4  5  6  7  8  9 10 |
---------------+-------------------------------+-----
Earth Magic    | 4 5 6 7 9 11 | 11.5
Spellcasting   | 3 4 5 6 7 |  7.0
Dodging        | 2 3 4 |  4.1
Conjurations   | 1 2 3 4 |  4.4
Stealth        | 3 4 |  4.3
Transmutations | 1 |  1.7
Armour         | 2 |  2.5
Staves         | 1 |  1.3
Fighting       | |  0.9

Action                   |  1- 3 |  4- 6 |  7- 9 | 10-12 || total
-------------------------+-------+-------+-------+-------++-------
Melee: Unarmed           |     6 |     1 |       |       ||     7
       Short sword       |    22 |    80 |       |       ||   102
       Dagger            |       |   135 |   104 |       ||   239
       Staff             |       |       |    71 |     3 ||    74
Throw: Stone             |     1 |       |       |       ||     1
 Cast: Sandblast         |    28 |    26 |    74 |     9 ||   137
       Passwall          |     1 |     2 |    10 |     1 ||    14
       Stone Arrow       |       |    35 |   100 |     4 ||   139
       Petrify           |       |       |     5 |       ||     5
Invok: Divine Energy     |       |       |     2 |       ||     2
       Stop Divine Energ |       |       |     2 |       ||     2
Evoke: Wand              |       |       |     1 |       ||     1
  Use: Scroll            |       |    11 |    11 |       ||    22
       Potion            |       |     1 |     4 |       ||     5
 Stab: Sleeping          |     1 |     2 |     2 |       ||     5
       Petrified         |       |       |     3 |       ||     3
  Eat: Ration            |     1 |     1 |     4 |       ||     6
       Chunk             |       |     9 |    12 |       ||    21
Armor: Robe              |    14 |   105 |    71 |     6 ||   196
       Leather armour    |       |       |    80 |       ||    80
Dodge: Dodged            |    33 |   182 |   217 |    14 ||   446
